 Dungeon Crawl Stone Soup version 0.23.0-33-g5e6c059fef (webtiles) character file.

Game seed: 2378044198075560958

131399 Peloso the Peltast (level 16, -6/152 HPs)
             Began as a Minotaur Fighter on Feb 27, 2019.
             Was the Champion of Okawaru.
             Killed from afar by a deep elf knight (8 damage)
             ... with a stone arrow
             ... on level 2 of the Elven Halls.
             The game lasted 01:29:23 (34857 turns).

Peloso the Peltast (Minotaur Fighter)              Turns: 34857, Time: 01:29:23

Health: -6/152     AC: 22    Str: 22    XL:     16   Next: 55%
Magic:  17/17      EV: 12    Int:  5    God:    Okawaru [******]
Gold:   2029       SH: 18    Dex: 27    Spells: 15/15 levels left

rFire    + + .     SeeInvis .   b - +10 scimitar "Xeam" {freeze, rPois rF++ Str-2}
rCold    . . .     Gourm    +   c - +1 shield
rNeg     . . .     Faith    .   X - +0 plate armour of Batiwkuh {Dex+3}
rPois    +         Spirit   .   S - +0 hat {MR+}
rElec    +         Reflect  .   L - scarf {cloud immunity}
rCorr    .         Harm     .   R - +4 pair of gloves of Gehenna {rElec rPois Dex+4}
MR       +++..                  (no boots)
Stlth    ..........             H - amulet of the gourmand
HPRegen  0.35/turn              s - ring of Kindness {MR+ Dex+6}
MPRegen  0.15/turn              (no ring)

@: glowing
A: retaliatory headbutt, horns 2
a: Heroism, Finesse, Renounce Religion


You were on level 2 of the Elven Halls.
You worshipped Okawaru.
Okawaru was exalted by your worship.
You were very full.

You visited 5 branches of the dungeon, and saw 26 of its levels.
You also visited: Sewer, Ossuary, Gauntlet and Ice Cave.

You collected 2757 gold pieces.
You spent 728 gold pieces at shops.

Inventory:

Hand Weapons
 a - a +1 antimagic double sword
 b - the +10 scimitar "Xeam" (weapon) {freeze, rPois rF++ Str-2}
   (You found it on level 2 of the Lair of Beasts)

   It has been specially enchanted to freeze those struck by it, causing extra
   injury to most foes and up to half again as much damage against particularly
   susceptible opponents.
   It can also slow down cold-blooded creatures.
   It affects your strength (-2).
   It greatly protects you from fire.
   It protects you from poison.
 h - a +1 falchion of electrocution
 V - a +2 scimitar of flaming
Armour
 c - a +1 shield (worn)
 I - a +2 cloak of poison resistance
 L - a scarf of cloud immunity (worn)
 R - the +4 pair of gloves of Gehenna (worn) {rElec rPois Dex+4}
   (You found it in an ice cave)

   It affects your dexterity (+4).
   It insulates you from electricity.
   It protects you from poison.
 S - a +0 hat of magic resistance (worn)
 X - the +0 plate armour of Batiwkuh (worn) {Dex+3}
   (Okawaru gifted it to you on level 15 of the Dungeon)

   It affects your dexterity (+3).
Jewellery
 i - an uncursed ring of ice
 s - the ring of Kindness (left hand) {MR+ Dex+6}
   (You found it in a Gauntlet)

   [ring of dexterity]

   It affects your dexterity (+6).
   It affects your resistance to hostile enchantments.
 H - an amulet of the gourmand (around neck)
 N - an uncursed ring of protection from magic
 P - an uncursed ring of protection from fire
 Q - an uncursed ring of flight
Wands
 J - a wand of digging (2)
Scrolls
 d - a scroll of enchant weapon
 g - 4 scrolls of blinking
 j - 4 scrolls of remove curse
 m - 10 scrolls of identify
 u - 4 scrolls of noise
 w - 6 scrolls of fog
 x - 10 scrolls of teleportation
 y - 4 scrolls of fear
Potions
 e - 3 potions of curing
 k - 7 potions of resistance
 o - a potion of mutation
 q - 5 potions of haste
 r - 4 potions of agility
 t - 3 potions of flight
 A - 3 potions of heal wounds
 E - a potion of might
 K - 3 potions of berserk rage
Comestibles
 f - 49 rations


   Skills:
 + Level 16.6 Fighting
 + Level 17.4 Long Blades
 + Level 15.8 Armour
 + Level 6.1 Dodging
 + Level 2.7 Stealth
 + Level 18.0 Shields
 + Level 1.1 Unarmed Combat
 + Level 2.8 Invocations
 + Level 1.4 Evocations


You had 15 spell levels left.
You didn't know any spells.
Your spell library contained the following spells:

 Spells                   Type           Power        Failure   Level  Hunger
 Animate Skeleton         Necr           N/A          99%         1    ##.....
 Corona                   Hex            #......      99%         1    ##.....
 Flame Tongue             Conj/Fire      #....        99%         1    ##.....
 Pain                     Necr           #...         99%         1    ##.....
 Shock                    Conj/Air       #...         99%         1    ##.....
 Sting                    Conj/Pois      #...         99%         1    ##.....
 Ensorcelled Hibernation  Hex/Ice        #.....       100%        2    ###....
 Passwall                 Tmut/Erth      #.......     100%        2    ###....
 Poisonous Vapours        Pois/Air       #.....       100%        2    ###....
 Swiftness                Chrm/Air       #.......     100%        2    ###....
 Throw Flame              Conj/Fire      #.....       100%        2    ###....
 Confuse                  Hex            #.......     100%        3    ####...
 Conjure Flame            Conj/Fire      #.......     100%        3    ####...
 Dazzling Spray           Conj/Hex       #.....       100%        3    ####...
 Inner Flame              Hex/Fire       #.......     100%        3    ####...
 Mephitic Cloud           Conj/Pois/Air  #.......     100%        3    ####...
 Regeneration             Chrm/Necr      #.........   100%        3    ####...
 Static Discharge         Conj/Air       #.......     100%        3    ####...
 Tukima's Dance           Hex            #.......     100%        3    ####...
 Vampiric Draining        Necr           #.........   100%        3    ####...
 Airstrike                Air            #.........   100%        4    #####..
 Animate Dead             Necr           N/A          100%        4    #####..
 Fulminant Prism          Conj/Hex       #.........   100%        4    #####..
 Olgreb's Toxic Radiance  Pois           #.......     100%        4    #####..
 Sticky Flame             Conj/Fire      #.......     100%        4    #####..
 Aura of Abjuration       Summ           #.........   100%        5    ######.
 Fireball                 Conj/Fire      #.........   100%        5    ######.
 Iskenderun's Battlesphe  Conj/Chrm      #.......     100%        5    ######.
 Lightning Bolt           Conj/Air       #.........   100%        5    ######.
 Venom Bolt               Conj/Pois      #.........   100%        5    ######.
 Conjure Ball Lightning   Conj/Air       #.........   100%        6    #######


Dungeon Overview and Level Annotations

Branches:
Dungeon (15/15)            Temple (1/1) D:7            Lair (6/6) D:8
 Shoals (0/4) Lair:2       Spider (0/4) Lair:2        Slime (0/5) Lair:6
    Orc (2/2) D:11            Elf (2/3) Orc:2        Vaults (0/5) D:14
 Depths (0/5) D:15

Altars:
Ashenzari
Cheibriados
Dithmenos
Elyvilon
Fedhas
Gozag
Hepliaklqana
Kikubaaqudgha
Makhleb
Nemelex Xobeh
Okawaru
Qazlal
Ru
Sif Muna
Trog
Uskayaw
Vehumet
Wu Jian
Xom
Yredelemnul
Zin
The Shining One
Beogh
Jiyva

Shops:
D:4 *   D:5 %   D:8 *:   D:10 :   D:11 (   D:12 [   Orc:1 *   Orc:2 [(=![

Portals:
Desolation: Elf:2

Annotations:
D:10 1 runed translucent door


Innate Abilities, Weirdness & Mutations

You reflexively headbutt those who attack you in melee.
You have a pair of horns on your head.


Message History

The deep elf mage is lightly wounded.
The +6 glaive of distortion hits you.
* * * LOW HITPOINT WARNING * * *
Space warps horribly around you!
* * * LOW HITPOINT WARNING * * *
You block the deep elf knight's attack.
The deep elf mage points at you and mumbles some strange words.
The bolt of cold hits you!
* * * LOW HITPOINT WARNING * * *
You slice the deep elf mage!! You freeze the deep elf mage!
The deep elf mage is almost dead.
You block the deep elf mage's attack. You block the deep elf knight's attack.
You block the +6 glaive of distortion's attack.
The deep elf mage hits you but does no damage.
You hit the deep elf mage. You freeze the deep elf mage.
You kill the deep elf mage!
Okawaru accepts your kill.
The deep elf knight casts a spell at you.
The stone arrow hits you!
You die...

*****,,,,,,* **,* *,,,,,,,,,,*
*..* *,**+++**,,* *.#* ***
****,*,,.,,*,,###.# *,,
*,,,,*,,..,*,,....* *,,
*,****,*.#.####.(#* **,,
*,*,,,,,......#..# *,,,
*,*,*,,,....#.#()# *,,,
*,*,,,,,∩....A#@e# *<,,
*,*,*,,,....#A#)e# *,,,
*,*,,,,___....#(.# **,,,
*,***#.....####..# **,*,,
*,,,,#.#.#,#.....# **,**,,
*,*,,#....,#.....# **,*****
*,,,.#######.....#####***,******
***,..................,,,,,,,,,,
*,,............#####*,********


You could see 2 angels, a deep elf knight, a deep elf mage and a +6 glaive of
distortion.

Vanquished Creatures
  Frances (D:14)
  A deep elf sorcerer (Elf:1)
  A dire elephant (D:15)
  Azrael (D:14)
  A minotaur (Gauntlet)
  Snorg (Lair:5)
  An ettin (Orc:2)
  2 deep elf death magi (Elf:1)
  Josephine (Lair:5)
  Harold (D:11)
  5 hydras
  5 vault guards (D:14)
  3 centaur warriors
  A catoblepas (Lair:3)
  A ghost crab (Gauntlet)
  6 dancing weapons
  9 two-headed ogres
  A tengu warrior (D:15)
  An ogre mage (Orc:2)
  An alligator (Lair:5)
  Urug (D:11)
  5 orc high priests (Orc:2)
  3 death yaks
  6 deep elf knights
  A sun demon (D:15)
  Nergalle (D:11)
  10 skeletal warriors
  3 unseen horrors
  4 deep elf archers
  A lindwurm (Lair:6)
  Pikel (D:6)
  An orb spider (Lair:2)
  A necromancer (IceCv)
  7 orc knights
  A wolf spider zombie (D:13)
  13 ugly things
  38 deep elf magi
  2 orc sorcerers
  2 manticores
  A merfolk siren (Lair:2)
  A cyclops (D:15)
  2 black mambas (Lair:5)
  Maurice (Orc:1)
  Psyche (D:11)
  A torpor snail (Lair:6)
  3 ice statues (IceCv)
  2 gargoyles
  8 spiny frogs
  3 kobold demonologists (D:13)
  A redback zombie (D:12)
  3 rime drakes
  A yaktaur (shapeshifter) (D:15)
  An efreet (D:13)
  A freezing wraith (D:15)
  A komodo dragon (Lair:5)
  9 ice devils
  4 tengu conjurers
  A queen bee (Gauntlet)
  10 trolls
  3 merfolk (Lair:2)
  4 polar bears
  9 hornets
  A raiju (shapeshifter) (Elf:2)
  Grinder (D:6)
  A harpy skeleton (D:15)
  A meliai zombie (D:14)
  2 slime creatures (D:15)
  5 hippogriffs
  A dream sheep (Lair:6)
  A shadow (D:13)
  2 air elementals
  A spriggan (shapeshifter) (D:14)
  15 spriggans
  2 water elementals
  6 wraiths
  Sigmund (D:6)
  A vampire (D:12)
  2 humans (D:14)
  44 yaks
  3 wyverns
  2 hungry ghosts
  5 fire elementals
  2 basilisks
  10 vampire mosquitoes (D:15)
  Edmund (D:5)
  2 wargs (Orc:2)
  A soldier ant (shapeshifter) (Elf:1)
  A hell hound (D:13)
  9 porcupines
  8 water moccasins
  46 orc warriors
  4 sky beasts
  A phantom (D:4)
  A slave (D:6)
  10 black bears
  3 ice beasts
  11 ogres
  A necrophage (D:9)
  30 wolves
  6 centaurs
  5 boggarts (Lair:6)
  10 crocodiles
  2 elf zombies (Ossuary)
  2 big kobolds (D:13)
  11 bullfrogs
  A wyvern skeleton (D:14)
  2 scorpions
  6 killer bees
  5 wights (D:6)
  2 electric eels (D:6)
  4 howler monkeys
  11 crimson imps
  5 bullfrog zombies
  4 centaur zombies
  2 human zombies (Ossuary)
  6 jellies
  37 orc priests
  5 hounds
  4 centaur skeletons
  3 bullfrog skeletons
  3 iguanas
  29 orc wizards
  7 worker ants
  6 hell rats
  3 spriggan simulacra (IceCv)
  2 troll simulacra (IceCv)
  A killer bee zombie (D:8)
  2 centaur simulacra (IceCv)
  2 big kobold zombies (Ossuary)
  3 hound skeletons
  2 hound zombies (Ossuary)
  3 mummies (Ossuary)
  Robin (D:2)
  A worker ant zombie (D:11)
  11 gnolls
  15 adders
  A naga simulacrum (IceCv)
  11 river rats
  2 ogre simulacra (IceCv)
  5 shadow imps
  4 white imps (D:15)
  5 adder zombies
  A worm (D:1)
  5 dart slugs
  5 leopard geckos
  121 orcs
  6 giant cockroaches
  2 gnoll zombies (Ossuary)
  18 goblins
  9 hobgoblins
  13 jackals
  24 kobolds
  5 quokkas
  A ball python (D:2)
  7 bats
  5 frilled lizards
  3 goblin zombies (Ossuary)
  4 hobgoblin zombies (Ossuary)
  A jackal skeleton (D:7)
  6 jackal zombies
  A leopard gecko zombie (D:6)
  4 quokka zombies (Ossuary)
  22 rats
  6 rat zombies (Ossuary)
  3 fungi (Lair:1)
  2 plants
980 creatures vanquished.

Vanquished Creatures (others)
  A deep elf mage (Elf:2)
  A slave (D:6)
  A centaur (D:6)
  An electric eel (D:6)
  An orc priest (D:6)
  A hound zombie (D:6)
  A howler monkey skeleton (D:6)
  A leopard gecko (D:6)
  2 orcs (D:6)
  3 fungi (Lair:5)
13 creatures vanquished.

Grand Total: 993 creatures vanquished

Notes
Turn   | Place    | Note
-------+----------+-------------------------------------------
     0 | D:1      | Peloso the Minotaur Fighter began the quest for the Orb.
     0 | D:1      | Reached XP level 1. HP: 19/19 MP: 0/0
   131 | D:1      | Reached XP level 2. HP: 16/27 MP: 1/1
   162 | D:1      | Reached skill level 4 in Shields
   388 | D:1      | Reached XP level 3. HP: 24/33 MP: 2/2
   987 | D:2      | Noticed Robin
  1023 | D:2      | Reached XP level 4. HP: 33/40 MP: 3/3
  1031 | D:2      | Killed Robin
  1449 | D:2      | Reached XP level 5. HP: 41/46 MP: 4/4
  2005 | D:3      | Reached skill level 5 in Shields
  2019 | D:3      | Reached skill level 1 in Dodging
  2351 | D:3      | Noticed an ice beast
  2361 | D:3      | Killed an ice beast
  2361 | D:3      | Reached skill level 5 in Long Blades
  2361 | D:3      | Reached XP level 6. HP: 38/53 MP: 5/5
  2478 | D:3      | Reached skill level 5 in Armour
  3013 | D:4      | Found a sand-covered staircase.
  3024 | Ossuary  | Entered an ossuary
  3142 | Ossuary  | Reached skill level 6 in Shields
  3142 | Ossuary  | Reached XP level 7. HP: 49/60 MP: 6/6
  3557 | Ossuary  | Reached skill level 5 in Fighting
  4148 | D:4      | Reached XP level 8. HP: 65/69 MP: 7/7
  4159 | D:4      | Found Erphagg's General Store.
  4167 | D:4      | Bought a scroll of noise for 13 gold pieces
  4371 | D:5      | Entered Level 5 of the Dungeon
  4371 | D:5      | Noticed Edmund
  4385 | D:5      | Killed Edmund
  4385 | D:5      | Reached skill level 7 in Shields
  5094 | D:5      | Found Plog's Food Emporium.
  5519 | D:6      | Found a glowing drain.
  5549 | Sewer    | Entered a sewer
  5745 | D:6      | Reached XP level 9. HP: 50/78 MP: 8/8
  6015 | D:6      | Noticed Pikel
  6029 | D:6      | Killed Pikel
  6029 | D:6      | Reached skill level 1 in Stealth
  6029 | D:6      | Reached skill level 8 in Shields
  6328 | D:6      | Noticed Sigmund
  6359 | D:6      | Killed Sigmund
  6432 | D:6      | Noticed Grinder
  6444 | D:6      | Killed Grinder
  6444 | D:6      | Reached skill level 10 in Long Blades
  6468 | D:6      | Reached skill level 1 in Unarmed Combat
  7450 | D:7      | Found a staircase to the Ecumenical Temple.
  7458 | Temple   | Entered the Ecumenical Temple
  7676 | D:7      | Found a sacrificial altar of Ru.
  7676 | D:7      | Found a hide-covered altar of Uskayaw.
  7676 | D:7      | Found a shattered altar of Ashenzari.
  7816 | D:7      | Found a radiant altar of Vehumet.
  7817 | D:7      | Found an iron altar of Okawaru.
  8082 | D:7      | Reached XP level 10. HP: 65/88 MP: 9/9
  8138 | D:7      | Became a worshipper of Warmaster Okawaru
  8373 | D:8      | Reached skill level 9 in Shields
  8392 | D:8      | HP: 4/88 [orc/+0 trident (5)]
  8713 | D:8      | Noticed a death yak
  9143 | D:9      | Noticed a two-headed ogre
  9148 | D:9      | Killed a two-headed ogre
  9148 | D:9      | Reached * piety under Okawaru
  9563 | D:9      | Found a shimmering altar of Xom.
  9564 | D:9      | Found a stormy altar of Qazlal.
  9633 | D:9      | Found an iron altar of Okawaru.
  9801 | D:9      | Found a glowing golden altar of the Shining One.
  9890 | D:10     | Entered Level 10 of the Dungeon
  9895 | D:10     | Noticed a two-headed ogre
  9904 | D:10     | Killed a two-headed ogre
  9904 | D:10     | Reached ** piety under Okawaru
  9904 | D:10     | Reached skill level 10 in Shields
 10401 | D:10     | Noticed a centaur warrior
 10412 | D:10     | Killed a centaur warrior
 10848 | D:10     | Found a runed translucent door.
 10868 | D:10     | Found a basalt altar of Yredelemnul.
 10910 | D:10     | Found Giepurue's Book Boutique.
 11043 | D:10     | Noticed a two-headed ogre
 11054 | D:10     | Killed a two-headed ogre
 11054 | D:10     | Reached *** piety under Okawaru
 11054 | D:10     | Reached XP level 11. HP: 97/97 MP: 7/10
 11420 | D:11     | Noticed Urug
 11424 | D:11     | Found Kosos's Antique Weapon Boutique.
 11482 | D:11     | Killed Urug
 11814 | D:11     | Bought an ichor-stained double sword for 520 gold pieces
 11816 | D:11     | Identified the +1 double sword of Prudence {slice, rElec}
                  | (You bought it in a shop on level 11 of the Dungeon)
 11825 | D:11     | Noticed Harold
 11837 | D:11     | Killed Harold
 12250 | D:10     | Reached skill level 5 in Dodging
 12409 | D:11     | Reached **** piety under Okawaru
 12435 | D:11     | Found a staircase to the Orcish Mines.
 12481 | D:11     | Noticed Psyche
 12492 | D:11     | Killed Psyche
 12499 | D:11     | Reached skill level 11 in Shields
 12829 | D:11     | Noticed a six-headed hydra
 13079 | D:8      | Noticed a death yak
 13079 | D:8      | Noticed a death yak
 13093 | D:7      | Killed a death yak
 13093 | D:7      | Reached ***** piety under Okawaru
 13321 | D:7      | Killed a death yak
 13444 | D:8      | Killed a death yak
 13444 | D:8      | Reached skill level 10 in Fighting
 13444 | D:8      | Reached skill level 10 in Armour
 13552 | D:8      | Found a staircase to the Lair.
 13585 | D:8      | Found Efued's Island Escapes.
 13659 | D:8      | Found Kalegen's Book Shoppe.
 13889 | D:8      | Bought a scroll of blinking for 105 gold pieces
 13889 | D:8      | Bought a scroll of teleportation for 42 gold pieces
 13907 | Lair:1   | Entered Level 1 of the Lair of Beasts
 15294 | Lair:2   | Got a crude scimitar
 15295 | Lair:2   | Identified the +10 scimitar "Xeam" {freeze, rPois rF++
                  | Str-2} (You found it on level 2 of the Lair of Beasts)
 15500 | Lair:2   | Found a staircase to the Shoals.
 15509 | Lair:2   | Reached XP level 12. HP: 91/107 MP: 11/11
 15512 | Lair:2   | Received a gift from Okawaru
 15696 | Lair:2   | Reached skill level 12 in Shields
 15903 | Lair:2   | Found a hole to the Spider Nest.
 16233 | Lair:3   | Noticed a catoblepas
 16241 | Lair:3   | Killed a catoblepas
 16473 | Lair:3   | Noticed a five-headed hydra
 16482 | Lair:3   | Killed a nine-headed hydra
 17753 | Lair:5   | Noticed Snorg
 17759 | Lair:5   | Killed Snorg
 17759 | Lair:5   | Reached skill level 1 in Invocations
 17837 | Lair:5   | Noticed an alligator
 17848 | Lair:5   | Killed an alligator
 18228 | Lair:5   | Noticed Josephine
 18241 | Lair:5   | Killed Josephine
 19322 | D:11     | Noticed a two-headed ogre
 19326 | D:11     | Killed a two-headed ogre
 19326 | D:11     | Received a gift from Okawaru
 19326 | D:11     | Reached XP level 13. HP: 110/118 MP: 13/13
 19336 | D:11     | Got a scorched triple sword {god gift}
 19337 | D:11     | Identified the +3 triple sword of the Ship {vamp, -Tele
                  | rElec rPois Int+4} (Okawaru gifted it to you on level 11 of
                  | the Dungeon)
 19382 | D:11     | Noticed Nergalle
 19394 | D:11     | Killed Nergalle
 19681 | D:12     | Identified a scroll of acquirement
 19893 | D:12     | Found a gate leading to a gauntlet.
 19898 | Gauntlet | Entered a Gauntlet
 19898 | Gauntlet | Found a transporter.
 19898 | Gauntlet | Found a runed translucent gate.
 19898 | Gauntlet | Found a runed translucent gate.
 19900 | Gauntlet | Found a runed translucent gate.
 19905 | Gauntlet | Found a transporter.
 19907 | Gauntlet | Found a transporter.
 19923 | Gauntlet | Found a transporter.
 19925 | Gauntlet | Found a transporter.
 19934 | Gauntlet | Found a runed translucent door.
 19937 | Gauntlet | Found a transporter.
 19951 | Gauntlet | Found a transporter.
 19961 | Gauntlet | Found a transporter.
 19971 | Gauntlet | Found a transporter.
 19972 | Gauntlet | Noticed a balrug
 19987 | Gauntlet | Found a transporter.
 19998 | Gauntlet | Found a transporter.
 20005 | Gauntlet | Found a transporter.
 20050 | Gauntlet | Reached skill level 1 in Evocations
 20147 | Gauntlet | Found a transporter.
 20196 | Gauntlet | Reached skill level 13 in Shields
 20205 | Gauntlet | Got a shimmering amber ring
 20207 | Gauntlet | Got a vibrating lead ring
 20208 | Gauntlet | Identified the ring of Kindness {MR+ Dex+6} (You found it
                  | in a Gauntlet)
 20210 | Gauntlet | Lost intelligence.
 20210 | Gauntlet | Identified the ring of Divine Compulsion {+Blink rN+ MR+
                  | Int-5 Stlth+} (You found it in a Gauntlet)
 20234 | Gauntlet | Identified the +8 hand crossbow of Trog {velocity, rElec
                  | rF+ rN+ Str-3}
 20234 | Gauntlet | Noticed a minotaur
 20242 | Gauntlet | Killed a minotaur
 20245 | Gauntlet | Identified Sif Muna's Disquisition on Shifting Conjuration
 20681 | D:12     | Found Myxzyid's Armour Shoppe.
 20752 | D:12     | Reached skill level 15 in Long Blades
 20858 | D:12     | Received a gift from Okawaru
 21758 | Lair:6   | Entered Level 6 of the Lair of Beasts
 21941 | Lair:6   | Reached ****** piety under Okawaru
 21942 | Lair:6   | Found a staircase to the Slime Pits.
 21942 | Lair:6   | Found a viscous altar of Jiyva.
 21996 | Lair:6   | Reached skill level 14 in Shields
 22389 | Lair:6   | Received a gift from Okawaru
 22802 | Lair:6   | Reached XP level 14. HP: 126/129 MP: 14/14
 23373 | Orc:1    | Entered Level 1 of the Orcish Mines
 23443 | Orc:1    | Found a roughly hewn altar of Beogh.
 23500 | Orc:1    | Noticed Maurice
 23510 | Orc:1    | Killed Maurice
 24152 | Orc:1    | Found Nutyteun's General Store.
 24162 | Orc:1    | Bought a scroll of noise for 16 gold pieces
 24162 | Orc:1    | Bought a scroll of identify for 32 gold pieces
 24361 | Orc:2    | Entered Level 2 of the Orcish Mines
 24374 | Orc:2    | Found a staircase to the Elven Halls.
 24426 | Orc:1    | Reached skill level 15 in Shields
 25310 | Orc:2    | Found Huoham's Antique Armour Shoppe.
 27071 | Orc:2    | Received a gift from Okawaru
 27357 | Orc:2    | Found Sonnoboc's Jewellery Emporium.
 27357 | Orc:2    | Found Lahoar's Distillery.
 27358 | Orc:2    | Found Uwko's Armour Emporium.
 27358 | Orc:2    | Found Ulexzonu's Weapon Shoppe.
 27841 | D:13     | You fall through a shaft for 2 floors!
 27841 | D:15     | Entered Level 15 of the Dungeon
 28015 | D:14     | Noticed Azrael
 28023 | D:13     | Found a frozen archway.
 28031 | IceCv    | Entered an ice cave
 28567 | IceCv    | Received a gift from Okawaru
 28571 | IceCv    | Got a pair of distressingly furry gloves
 28582 | IceCv    | Identified the +4 pair of gloves of Gehenna {rElec rPois
                  | Dex+4} (You found it in an ice cave)
 28725 | D:13     | Reached skill level 16 in Shields
 28741 | D:13     | Reached XP level 15. HP: 109/139 MP: 15/15
 29603 | D:13     | Received a gift from Okawaru
 29781 | D:13     | Reached skill level 15 in Fighting
 29999 | D:14     | Noticed Frances
 30000 | D:14     | Killed Azrael
 30014 | D:14     | Killed Frances
 30960 | D:14     | Found a gate to the Vaults.
 31280 | D:15     | Received a gift from Okawaru
 31280 | D:15     | Reached skill level 17 in Shields
 31296 | D:15     | Got a slimy plate armour {god gift}
 31403 | D:15     | Identified the +0 plate armour of Batiwkuh {Dex+3} (Okawaru
                  | gifted it to you on level 15 of the Dungeon)
 31455 | D:15     | Reached skill level 15 in Armour
 31861 | D:15     | Found a staircase to the Depths.
 32645 | Elf:1    | Entered Level 1 of the Elven Halls
 33068 | Elf:1    | Reached XP level 16. HP: 138/151 MP: 17/17
 34104 | Elf:1    | Received a gift from Okawaru
 34388 | Elf:1    | Identified the Volume of Supportive Confrontation
 34791 | Elf:2    | Reached skill level 18 in Shields
 34846 | Elf:2    | Found a glowing silver altar of Zin.
 34846 | Elf:2    | Found a white marble altar of Elyvilon.
 34846 | Elf:2    | Found a ruined gateway.
 34855 | Elf:2    | HP: 2/152 [deep elf mage/bolt of cold (9)]
 34857 | Elf:2    | Killed from afar by a deep elf knight

Skill      XL: |  1  2  3  4  5  6  7  8  9 10 11 12 13 14 15 16 |
---------------+-------------------------------------------------+-----
Shields        | 4 5 6 7 8 10 11 12 14 16 17 18 | 18.0
Armour         | 4 5 6 7 9 10 12 13 14 15 | 15.8
Fighting       | 4 5 6 7 9 10 12 13 14 15 16 | 16.6
Long Blades    | 3 4 5 7 9 10 11 13 14 15 16 17 | 17.4
Dodging        | 1 2 3 4 5 6 |  6.1
Stealth        | 1 2 |  2.7
Unarmed Combat | 1 |  1.1
Invocations    | 1 2 |  2.8
Evocations     | 1 |  1.4

Action                   |  1- 3 |  4- 6 |  7- 9 | 10-12 | 13-15 | 16-18 || total
-------------------------+-------+-------+-------+-------+-------+-------++-------
Melee: Long sword        |    83 |   209 |   439 |   195 |       |       ||   926
       Headbutt          |    13 |    42 |    95 |   139 |   420 |    61 ||   770
       Unarmed           |       |       |     2 |       |       |       ||     2
       Double sword      |       |       |       |   171 |     4 |       ||   175
       Scimitar          |       |       |       |   210 |  1391 |   194 ||  1795
       Triple sword      |       |       |       |       |    16 |       ||    16
Invok: Heroism           |       |       |       |     3 |     7 |     1 ||    11
       Finesse           |       |       |       |     1 |     3 |       ||     4
Evoke: Wand              |       |       |     5 |     3 |     4 |       ||    12
  Use: Scroll            |       |     6 |    10 |    10 |    11 |     2 ||    39
       Potion            |       |       |     3 |     6 |     1 |     2 ||    12
 Stab: Distracted        |       |       |       |       |       |     1 ||     1
  Eat: Chunk             |       |     7 |    13 |    47 |    55 |     6 ||   128
       Ration            |       |       |     1 |     1 |       |       ||     2
Armor: Scale mail        |    56 |    76 |   140 |    44 |       |       ||   316
       Skin              |       |       |     4 |       |       |       ||     4
       Chain mail        |       |       |       |    38 |       |       ||    38
       Plate armour      |       |       |       |   112 |   623 |    72 ||   807
Dodge: Dodged            |    25 |    77 |   132 |   155 |   455 |    61 ||   905
Block: Shield            |    55 |   144 |   273 |   363 |  1128 |   144 ||  2107
       Rpst.: Long sword |    10 |    22 |    39 |    12 |       |       ||    83
       Double sword      |       |       |       |    13 |       |       ||    13
       Scimitar          |       |       |       |    13 |   111 |    14 ||   138
       Triple sword      |       |       |       |       |     2 |       ||     2
